 Dungeon Crawl Stone Soup version 0.23-a0-139-ga22e90c45f (webtiles) character file.

1798 Jesh the Unseen (level 8, -8/36 HPs)
             Began as a Spriggan Enchanter on Aug 31, 2018.
             Killed from afar by an electric eel (9 damage)
             ... with a bolt of electricity
             ... on level 6 of the Dungeon.
             The game lasted 00:32:13 (8794 turns).

Jesh the Unseen (Spriggan Enchanter)                Turns: 8794, Time: 00:32:15

Health: -8/36      AC:  6    Str:  5    XL:     8   Next: 83%
Magic:  15/17      EV: 18    Int: 17    God:
Gold:   284        SH:  0    Dex: 17    Spells: 5/17 levels left

rFire    . . .     SeeInvis +   a - +2 dagger
rCold    + . .     Gourm    .   (shield restricted)
rNeg     . . .     Faith    .   o - +2 robe {rC+}
rPois    .         Spirit   .   (helmet restricted)
rElec    .         Reflect  .   m - +1 cloak
rCorr    .         Harm     .   (gloves unavailable)
MR       +....                  (boots unavailable)
Stlth    +++.......             (no amulet)
HPRegen  0.12/turn              (no ring)
MPRegen  0.15/turn              (no ring)

@: slow
A: very small, unfitting armour, see invisible, herbivore, speed 3, slow
metabolism 2
a: no special abilities


You were on level 6 of the Dungeon.
You were not hungry.

You visited 2 branches of the dungeon, and saw 7 of its levels.
You also visited: Ossuary.

You collected 284 gold pieces.

Inventory:

Hand Weapons
 a - a +2 dagger (weapon)
 l - a +0 rapier
Missiles
 f - 2 throwing nets (quivered)
Armour
 i - a +1 robe of magic resistance
 m - a +1 cloak (worn)
 o - a +2 robe of cold resistance (worn)
Wands
 n - a wand of scattershot (3)
Scrolls
 b - 6 scrolls of teleportation
 e - 2 scrolls of remove curse
 p - a scroll of magic mapping
 t - a scroll of fog
Potions
 c - 2 potions of haste
 g - 5 potions of curing
 h - 2 potions of lignification
 j - a potion of agility {unknown}
 k - a potion of magic {unknown}
 q - 2 potions of resistance
 r - 2 potions of brilliance {unknown}
 s - 2 potions of heal wounds {unknown}
 u - 2 potions of might {unknown}
Comestibles
 d - 8 rations


   Skills:
 + Level 0.0 Fighting
 + Level 1.1 Short Blades
 + Level 3.0 Dodging
 + Level 15.1 Stealth
 + Level 5.4 Spellcasting
 * Level 5.9 Hexes


You had 5 spell levels left.
You knew the following spells:

 Your Spells              Type           Power        Failure   Level  Hunger
a - Ensorcelled Hibernat  Hex/Ice        ##....       6%          2    #......
b - Corona                Hex            ###....      1%          1    None
c - Confuse               Hex            ###.....     3%          3    ##.....
d - Tukima's Dance        Hex            ###.....     3%          3    ##.....
e - Dazzling Spray        Conj/Hex       ##....       12%         3    ##.....

Your spell library contained the following spells:

 Spells                   Type           Power        Failure   Level  Hunger


Dungeon Overview and Level Annotations

Branches:
Dungeon (6/15)             Temple (1/1) D:4

Altars:
Cheibriados
Elyvilon
Kikubaaqudgha
Makhleb
Nemelex Xobeh
Okawaru
Qazlal
Sif Muna
Trog
Vehumet
Xom
Zin
The Shining One
Lugonu

Shops:
D:4 ?


Innate Abilities, Weirdness & Mutations

You are very small and have problems with some larger weapons.
You are too small for most types of armour.
You have supernaturally acute eyesight. (SInv)
You are a herbivore.
You cover ground extremely quickly.
You need to consume almost no food.


Message History

The electric eel shoots out a bolt of lightning at you!
The bolt of electricity misses you.
The electric eel shoots out a bolt of lightning at you!
The bolt of electricity hits the electric eel.
The electric eel completely resists.
The bolt of electricity hits you!
* * * LOW HITPOINT WARNING * * *
Casting: Confuse (safe; 3% risk of failure)
Confirm with . or Enter, or press ? or * to list all spells.
Aiming: Ensorcelled Hibernation (safe; 6% risk of failure)
Press: ? - help, Shift-Dir - straight line, f - electric eel
Aim: an electric eel (chance to defeat MR: 53%)
The electric eel looks drowsy...
Your unstable footing causes you to fumble your attack.
The electric eel shoots out a bolt of lightning at you!
The bolt of electricity hits the electric eel.
The electric eel completely resists.
The bolt of electricity hits you!
* * * LOW HITPOINT WARNING * * *
The electric eel shoots out a bolt of lightning at you!
The bolt of electricity hits you!
You die...

...###........#
.>..........###
...##♣..≈♣....# .
♣≈≈♣♣..#.# ♣P≈≈♣
.# . ♣♣≈P♣ # .
♣♣♣P≈≈♣
...P♣♣.♣≈.≈♣♣P≈♣
....≈;;@≈≈≈≈≈.≈..
...PPPP♣.≈≈♣≈≈♣♣.
...♣♣♣♣♣♣≈♣♣♣♣♣ .
≈≈≈♣ ♣≈P♣ P≈.♣
..≈♣ ...


You could see 2 electric eels.

Vanquished Creatures
  Sigmund (D:2)
  Eustachio (D:6)
  An ogre (D:4)
  6 scorpions (Ossuary)
  5 wights (D:4)
  2 crimson imps (D:5)
  2 centaur zombies (Ossuary)
  A human zombie (Ossuary)
  2 orc priests (D:4)
  A bullfrog skeleton (D:4)
  2 iguanas
  4 orc wizards
  5 worker ants
  2 big kobold zombies (Ossuary)
  A hound skeleton (D:5)
  3 mummies (Ossuary)
  7 gnolls
  5 scorpion zombies (Ossuary)
  10 adders
  A shadow imp (D:6)
  An ooze (D:2)
  An adder skeleton (D:5)
  An adder zombie (D:5)
  6 worms
  3 dart slugs
  3 leopard geckos
  17 orcs
  6 bats
  3 giant cockroaches
  3 gnoll zombies (Ossuary)
  6 goblins
  7 hobgoblins
  6 jackals
  2 quokkas
  6 frilled lizards
  A goblin zombie (Ossuary)
  2 hobgoblin zombies (Ossuary)
  8 kobolds
  2 kobold zombies (Ossuary)
  An orc zombie (Ossuary)
  10 rats
157 creatures vanquished.

Vanquished Creatures (others)
  2 dancing weapons
  A giant cockroach (D:6)
  A hobgoblin zombie (Ossuary)
  A kobold zombie (Ossuary)
  A plant (D:6)
6 creatures vanquished.

Grand Total: 163 creatures vanquished

Notes
Turn   | Place    | Note
-------+----------+-------------------------------------------
     0 | D:1      | Jesh the Spriggan Enchanter began the quest for the Orb.
     0 | D:1      | Reached XP level 1. HP: 9/9 MP: 5/5
   838 | D:2      | Reached XP level 2. HP: 13/13 MP: 7/7
   851 | D:1      | Learned a level 2 spell: Ensorcelled Hibernation
  1513 | D:2      | Reached XP level 3. HP: 15/16 MP: 6/9
  1518 | D:2      | Learned a level 3 spell: Confuse
  1522 | D:2      | Learned a level 3 spell: Tukima's Dance
  2031 | D:2      | Noticed Sigmund
  2048 | D:2      | Killed Sigmund
  2048 | D:2      | Reached skill level 5 in Spellcasting
  2048 | D:2      | Reached skill level 5 in Hexes
  2048 | D:2      | Reached XP level 4. HP: 17/21 MP: 8/12
  2048 | D:2      | Reached XP level 5. HP: 20/24 MP: 8/13
  2160 | D:2      | Reached skill level 5 in Stealth
  2377 | D:2      | Reached XP level 6. HP: 28/28 MP: 5/15
  2503 | D:2      | Reached skill level 6 in Stealth
  2784 | D:3      | Found a bloodstained altar of Trog.
  2847 | D:3      | Found a faded altar of an unknown god.
  3043 | D:3      | Reached skill level 7 in Stealth
  3336 | D:3      | Found a glowing silver altar of Zin.
  4067 | D:4      | Learned a level 3 spell: Dazzling Spray
  4123 | D:4      | Reached skill level 8 in Stealth
  4303 | D:4      | Found a deep blue altar of Sif Muna.
  4429 | D:4      | Reached skill level 9 in Stealth
  4429 | D:4      | Reached XP level 7. HP: 32/32 MP: 9/16
  4612 | D:4      | Reached skill level 10 in Stealth
  4846 | D:4      | Reached skill level 11 in Stealth
  5134 | D:4      | Found a staircase to the Ecumenical Temple.
  5153 | Temple   | Entered the Ecumenical Temple
  5364 | D:4      | Found Limni's Magic Scroll Shop.
  5369 | D:4      | Found an ancient bone altar of Kikubaaqudgha.
  5571 | D:5      | Entered Level 5 of the Dungeon
  5721 | D:5      | Found a sand-covered staircase.
  5752 | Ossuary  | Entered an ossuary
  5888 | Ossuary  | Reached skill level 12 in Stealth
  5888 | Ossuary  | Reached XP level 8. HP: 36/36 MP: 6/17
  7036 | Ossuary  | Reached skill level 13 in Stealth
  7997 | D:5      | Reached skill level 14 in Stealth
  8764 | D:6      | Noticed Eustachio
  8772 | D:6      | Killed Eustachio
  8772 | D:6      | Reached skill level 15 in Stealth
  8794 | D:6      | HP: 1/36 [electric eel/bolt of electricity (9)]
  8794 | D:6      | Killed from afar by an electric eel

Vault maps used:
D:1:      evilmike_arrival_hilbert_curve, serial_forest,
          infiniplex_forest_lined_1, infiniplex_forest_lined_room_2,
          infiniplex_forest_zigzag_1, infiniplex_forest_clump_diagonal,
          infiniplex_forest_lined_2, st_stairs_12
D:2:      kennysheep_six_static_rooms, uniq_sigmund
D:3:      nicolae_overflow_crystal_walls, overflow_temple_1_default,
          chequers_ecumenical_altar_island, first_ration
D:4:      lemuel_doored_altar, lemuel_round_altar,
          minmay_temple_entry_overgrown, serial_curves, eino_curves_02,
          eino_curves_01, eino_curves_04, serial_shops, shop_fountains, hex_tiny
D:5:      enter_ossuary_1
D:6:      serial_bayou, serial_bayou_lagoon_a, serial_bayou_crossing,
          serial_bayou_ford_a, serial_bayou_lake_a, uniq_eustachio,
          uniq_blork_the_orc, uniq_duvessa, uniq_menkaure
Temple:   kb_corrupted_temple
Ossuary:  ossuary_minmay_scorpions

Skill      XL: |  1  2  3  4  5  6  7  8 |
---------------+-------------------------+-----
Spellcasting   | 3 5 |  5.4
Hexes          | 4 5 |  5.9
Stealth        | 5 9 12 15 | 15.1
Short Blades   | |  1.1
Dodging        | |  3.0

Action                   |  1- 3 |  4- 6 |  7- 9 || total
-------------------------+-------+-------+-------++-------
Melee: Dagger            |    95 |   144 |   225 ||   464
 Cast: Corona            |     8 |       |       ||     8
       Ensorcelled Hiber |    15 |    47 |    51 ||   113
       Confuse           |     1 |       |    54 ||    55
       Tukima's Dance    |       |     3 |       ||     3
       Dazzling Spray    |       |     3 |     4 ||     7
  Use: Scroll            |     5 |     6 |     6 ||    17
       Potion            |       |       |     1 ||     1
 Stab: Sleeping          |    16 |    43 |    31 ||    90
       Distracted        |     2 |     1 |     3 ||     6
       Confused          |     3 |       |    18 ||    21
       Invisible         |       |     1 |     2 ||     3
  Eat: Ration            |       |     2 |     4 ||     6
Armor: Robe              |    11 |    21 |    18 ||    50
       Skin              |       |       |     2 ||     2
Dodge: Dodged            |    80 |   138 |   146 ||   364

Table legend:
 A = Non-vault XP
 B = Vault XP
 C = Vault XP percentage of total XP
 D = Non-vault monster count
 E = Vault monster count
 F = Vault count percentage of total count
                 A         B        C        D         E       F
            +---------+---------+-------+---------+---------+-------
      Total |    1464 |    1105 |  43.0 |     121 |      36 |  22.9
            +---------+---------+-------+---------+---------+-------
        D:1 |      39 |       0 |   0.0 |      24 |       0 |   0.0
        D:2 |     135 |     261 |  65.9 |      24 |       7 |  22.6
        D:3 |     100 |       0 |   0.0 |      23 |       0 |   0.0
        D:4 |     821 |       0 |   0.0 |      33 |       0 |   0.0
        D:5 |     357 |       0 |   0.0 |      16 |       0 |   0.0
        D:6 |      12 |     185 |  93.9 |       1 |       1 |  50.0
    Ossuary |       0 |     659 | 100.0 |       0 |      28 | 100.0
            +---------+---------+-------+---------+---------+-------
